 Dungeon Crawl Stone Soup version 0.29.0-13-gc9e81de378 (webtiles) character file.

Game seed: 14421867921740452828

4025 SnakkuSnakku7 the Skirmisher (level 10, -5/64 HPs)
             Began as a Djinni Hunter on Sept 10, 2022.
             Was a Follower of Dithmenos.
             Slain by a wyvern (7 damage)
             ... on level 8 of the Dungeon.
             The game lasted 00:10:53 (7241 turns).

SnakkuSnakku7 the Skirmisher (Djinni Hunter)        Turns: 7241, Time: 00:10:54

Health: -5/64      AC:  9    Str: 10    XL:     10   Next: 47%
Gold:   331        EV: 12    Int: 11    God:    Dithmenos [*.....] SH:  0 Dex: 21

rFire   + + .      SeeInvis .   a - +2 shortbow (flame)
rCold   x . .      Faith    .   (shield currently unavailable)
rNeg    + . .      Spirit   .   c - +0 leather armour
rPois   ∞          Reflect  .   r - +0 helmet
rElec   .          Harm     .   E - +2 cloak
rCorr   .          Rampage  .   y - +1 pair of gloves
Will    +....                   (boots unavailable)
Stlth   ++........              g - amulet of the acrobat
HPRegen 0.20/turn               I - ring of positive energy
MPRegen 0.00/turn               (no ring)

@: about to teleport, flying, wreathed by umbra, studying Throwing
A: sickness immunity, fire resistance 2, cold vulnerability 1, float, innate
caster, HP casting, extra vitality 1
a: Renounce Religion


You were on level 8 of the Dungeon.
You worshipped Dithmenos.
Dithmenos was aware of your devotion.
You visited 2 branches of the dungeon, and saw 9 of its levels.
You also visited: Sewer.

You collected 447 gold pieces.
You spent 116 gold pieces at shops.

Inventory:

Hand Weapons
 a - a +2 shortbow of flaming (weapon)
Missiles
 A - 3 curare-tipped darts
Armour
 c - a +0 leather armour (worn)
 n - a +1 plate armour of willpower
 r - a +0 helmet (worn)
 y - a +1 pair of gloves (worn)
 E - a +2 cloak (worn)
Jewellery
 g - an amulet of the acrobat (around neck)
 q - a ring of fire
 I - a ring of positive energy (left hand)
Wands
 d - a wand of iceblast (9)
 h - a wand of digging (4)
 t - a wand of flame (22)
 z - a wand of acid (13)
 C - a wand of polymorph (9)
Scrolls
 b - 2 scrolls of immolation
 e - a scroll of brand weapon
 j - a scroll of summoning {unknown}
 o - a scroll of fear
 s - a scroll of vulnerability
 v - a scroll of poison
 B - 2 scrolls of teleportation
Potions
 f - a potion of curing {unknown}
 i - 2 potions of heal wounds {unknown}
 k - 2 potions of degeneration
 l - a potion of ambrosia
 m - a potion of might {unknown}
 p - a potion of berserk rage {unknown}
 u - a potion of resistance
 x - 3 potions of mutation
 D - 4 potions of cancellation
 G - 2 potions of haste
 H - 2 potions of brilliance {unknown}


   Skills:
 - Level 2.0 Fighting
 + Level 12.6 Ranged Weapons
 - Level 2.1 Dodging
 - Level 0.7 Stealth


You couldn't memorise any spells.
You knew the following spells:

 Your Spells              Type           Power      Damage    Failure   Level
a - Summon Small Mammal   Summ           0%         N/A       43%         1
b - Passwall              Tmut/Erth      0%         N/A       58%         2
c - Stone Arrow           Conj/Erth      0%         3d7       82%         3
d - Ice Form              Ice/Tmut       0%         N/A       99%         4
Your spell library was empty.

Dungeon Overview and Level Annotations

Branches:
Dungeon (8/15)             Temple (1/1) D:7           Sewer (visited)
   Lair: D:8-11

Altars:
Cheibriados
Dithmenos
Fedhas
Gozag
Makhleb
Nemelex Xobeh
Qazlal
Ru
Trog
Uskayaw
Wu Jian
Yredelemnul
Zin
The Shining One

Shops:
D:2 [=   D:4 *[(   D:5 ([   D:8 [


Innate Abilities, Weirdness & Mutations

You are immune to sickness and miasma.
You are immune to poison.
Your flesh is very heat resistant. (rF++)
You are vulnerable to cold. (rC-)
You float through the air rather than walking.
You learn spells naturally, not from books.
Your magical power is your life essence.
You have superior vitality. (+4 MHP)


Message History

Unknown command.
You are too injured to fight recklessly!
Unknown command.
Unknown command.
You are too injured to fight recklessly!
Fire: a) +2 shortbow (flame)
Press: ? - help, Q - select action, (/) - cycle Shift-Dir - straight line, f/p - wyvern
Aim: a wyvern (heavily wounded, umbra, 71% to hit)
You shoot an arrow. The arrow hits the wyvern!
The arrow burns the wyvern.
The wyvern is almost dead.
The wyvern closely misses you.
Fire: a) +2 shortbow (flame)
Press: ? - help, Q - select action, (/) - cycle Shift-Dir - straight line, f/p - wyvern
Aim: a wyvern (almost dead, umbra, 71% to hit)
You shoot an arrow. The arrow hits the wyvern.
The arrow burns the wyvern.
The wyvern is almost dead.
The wyvern closely misses you.
As you read the scroll of teleportation, it crumbles to dust.
You feel strangely unstable.
The wyvern bites you but does no damage.
The wyvern bites you!
* * * LOW HITPOINT WARNING * * *
Unknown command.
Fire: a) +2 shortbow (flame)
Press: ? - help, Q - select action, (/) - cycle Shift-Dir - straight line, f/p - wyvern
Aim: a wyvern (almost dead, umbra, 71% to hit)
You shoot an arrow.
The arrow hits the wyvern but does no damage.
The wyvern is almost dead.
The wyvern completely misses you.
Fire: a) +2 shortbow (flame)
Press: ? - help, Q - select action, (/) - cycle Shift-Dir - straight line, f/p - wyvern
Aim: a wyvern (almost dead, umbra, 71% to hit)
You shoot an arrow.
The arrow hits the wyvern but does no damage.
The wyvern is almost dead.
The wyvern bites you!
* * * LOW HITPOINT WARNING * * *
The wyvern bites you!
You die...

### #.#########
##...@lYYlY#
#####
##....###YY.....
###...#####..##.#
.......
.....###...######
#####..
#####...#### .
#####
##############
### #########


You could see 5 yaks and 2 wyverns.

Vanquished Creatures
  Pikel (D:4)
  A komodo dragon (D:8)
  Grinder (D:4)
  A hornet (D:8)
  Sigmund (D:3)
  A wyvern (D:8)
  A yak (D:8)
  Eustachio (D:5)
  2 orc warriors (D:7)
  3 sky beasts
  An ice beast (D:6)
  2 centaurs
  2 phantoms (D:6)
  2 lemures (D:4)
  A kobold brigand (D:7)
  4 bullfrogs
  3 scorpions
  A howler monkey (D:8)
  A jelly (D:5)
  6 orc priests
  Crazy Yiuf (D:4)
  2 iguanas
  8 orc wizards
  6 gnolls
  9 adders
  8 river rats
  3 shadow imps
  A white imp (D:6)
  An ufetubus (D:6)
  4 worms
  4 dart slugs
  32 orcs
  10 bats
  7 endoplasms
  4 giant cockroaches
  3 hobgoblins
  4 quokkas
  15 ball pythons
  4 frilled lizards
  3 goblins
  30 kobolds
  30 rats
225 creatures vanquished.

Vanquished Creatures (others)
  A plant (D:5)
1 creature vanquished.

Grand Total: 226 creatures vanquished

Notes
Turn   | Place    | Note
-------+----------+-------------------------------------------
     0 | D:1      | SnakkuSnakku7 the Djinni Hunter began the quest for the
                  | Orb.
     0 | D:1      | Reached XP level 1. HP: 18/18 MP: 0/0
   176 | D:1      | Reached XP level 2. HP: 23/23 MP: 0/0
   613 | D:1      | Reached skill level 4 in Ranged Weapons
   613 | D:1      | Reached XP level 3. HP: 27/28 MP: 0/0
   613 | D:1      | Learned a level 1 spell: Summon Small Mammal
  1141 | D:2      | Reached XP level 4. HP: 22/33 MP: 0/0
  1240 | D:2      | You are sucked into a shaft and drop 1 floor!
  1529 | D:2      | Found Veschacug's Jewellery Shoppe.
  1750 | D:2      | Found a faded altar of an unknown god.
  1763 | D:2      | Found Kadgh's Armour Shop.
  1773 | D:2      | Bought a +0 helmet for 58 gold pieces
  2135 | D:3      | Reached XP level 5. HP: 38/38 MP: 0/0
  2135 | D:3      | Learned a level 2 spell: Passwall
  2170 | D:3      | Reached skill level 5 in Ranged Weapons
  2230 | D:3      | Found a stormy altar of Qazlal.
  2233 | D:3      | Noticed a fire elemental
  2233 | D:3      | Noticed an air elemental
  2234 | D:3      | Noticed a water elemental
  2330 | D:3      | Noticed Sigmund
  2340 | D:3      | Killed Sigmund
  2341 | D:3      | Reached skill level 6 in Ranged Weapons
  2341 | D:3      | Reached XP level 6. HP: 26/43 MP: 0/0
  2482 | D:2      | Bought a +0 pair of gloves for 58 gold pieces
  2546 | D:4      | Found a runed translucent door.
  2547 | D:4      | Noticed Crazy Yiuf
  2733 | D:4      | Reached XP level 7. HP: 45/49 MP: 0/0
  2733 | D:4      | Learned a level 3 spell: Stone Arrow
  3113 | D:4      | Found Numonierch's General Store.
  3443 | D:4      | Noticed Pikel
  3450 | D:4      | Noticed Grinder
  3453 | D:4      | Killed Pikel
  3454 | D:4      | Reached skill level 8 in Ranged Weapons
  3454 | D:4      | Reached XP level 8. HP: 30/54 MP: 0/0
  3464 | D:4      | Killed Grinder
  3880 | D:4      | Found Komer's Weapon Shop.
  3895 | D:4      | Found Qyceom's Armour Shoppe.
  3975 | D:4      | Killed Crazy Yiuf
  4068 | D:5      | Entered Level 5 of the Dungeon
  4141 | D:5      | Found a glowing drain.
  4152 | Sewer    | Entered a sewer
  4209 | Sewer    | Reached skill level 9 in Ranged Weapons
  4597 | D:5      | Found Vunwomups's Hydra Hut.
  4604 | D:5      | Noticed a six-headed hydra
  4735 | D:5      | Noticed Eustachio
  4743 | D:5      | Killed Eustachio
  4744 | D:5      | Reached XP level 9. HP: 52/58 MP: 0/0
  4744 | D:5      | Learned a level 4 spell: Ice Form
  4860 | D:5      | Found Berij's Armour Shop.
  4949 | D:5      | Identified the +0 pair of gloves of Pooheh {Drain Dex+6
                  | SInv}
  5413 | D:6      | Reached skill level 10 in Ranged Weapons
  5451 | D:6      | Identified the +5 war axe of Ascent {freeze, Int+4 Dex+2}
  5782 | D:7      | Found a staircase to the Ecumenical Temple.
  5804 | Temple   | Entered the Ecumenical Temple
  5899 | Temple   | Became a worshipper of Dithmenos the Shadowed
  5968 | D:7      | Found a glowing golden altar of the Shining One.
  6227 | D:7      | Reached skill level 11 in Ranged Weapons
  6513 | D:7      | Reached * piety under Dithmenos
  6578 | D:7      | Reached XP level 10. HP: 64/64 MP: 0/0
  7000 | D:8      | Reached skill level 12 in Ranged Weapons
  7127 | D:8      | Found a hide-covered altar of Uskayaw.
  7164 | D:8      | Found Exkoutz's Armour Shop.
  7204 | D:8      | Noticed a komodo dragon
  7215 | D:8      | Killed a komodo dragon
  7217 | D:8      | Found the ring of the Octopus King {rN+ HP+2 AC+2 EV+2
                  | SH+2}
  7241 | D:8      | HP: 2/64 [wyvern (15)]
  7241 | D:8      | Slain by a wyvern

Illustrated notes

Levels and vault maps discovered:
D:1:      grunt_arrival_lava_bath, layout_basic
D:2:      layout_basic, chequers_ecumenical_altar_grove, serial_shops, shop,
          nicolae_shop_statue_plus
D:3:      layout_rooms, nicolae_vehumet_radiance,
          nicolae_qazlal_style_of_elements, serial_curves, eino_curves_02,
          eino_curves_03, uniq_sigmund
D:4:      layout_loops_ring, serial_shops, nicolae_square_shop,
          nicolae_take_the_stairs, kennysheep_mini_moat,
          hangedman_feature_mirror, minmay_manual_monolith,
          uniq_crazy_yiuf_cottage, uniq_grinder, uniq_pikel
D:5:      layout_basic, cheibrodos_sewer_entry_sluice, serial_shops, shop,
          reono_crystal_passage, doesnt_shop_hydraphobe, uniq_eustachio
D:6:      layout_cave_pools
D:7:      layout_rooms, mainiacjoe_overflow_tiny_flanked,
          minmay_temple_entry_proselytizer, lemuel_flame_loot_1
D:8:      layout_rooms, marbit_many_paths, lemuel_doored_altar,
          erik_lair_dragon, serial_shops, nicolae_shop_hallway_plus
Temple:   regret_index_temple_sphere_string

Skill      XL: |  1  2  3  4  5  6  7  8  9 10 |
---------------+-------------------------------+-----
Ranged Weapons | 4 6 8 9 11 12 | 12.6
Fighting       | |  2.0
Dodging        | |  2.1
Stealth        | |  0.7

Action                   |  1- 3 |  4- 6 |  7- 9 | 10-12 || total
-------------------------+-------+-------+-------+-------++-------
 Fire: Shortbow          |    93 |    94 |   370 |    77 ||   634
Evoke: Wand              |       |       |     6 |       ||     6
  Use: Scroll            |     1 |       |    18 |     1 ||    20
Armor: Leather armour    |    21 |    15 |    74 |     6 ||   116
Dodge: Dodged            |    37 |    25 |   149 |    27 ||   238
